 Dungeon Crawl Stone Soup version 0.23-a0-143-g1adec7b (webtiles) character file.

2656138 dragoon the Slayer (level 27, 256/256 HPs)
             Began as a Demonspawn Gladiator on Sept 1, 2018.
             Was the Champion of Jiyva.
             Escaped with the Orb
             ... and 4 runes on Sept 2, 2018!
             The game lasted 04:49:54 (57508 turns).

dragoon the Slayer (Demonspawn Gladiator)          Turns: 57508, Time: 04:49:54

Health: 256/256    AC: 30    Str: 38    XL:     27
Magic:  33/33      EV: 25    Int: 12    God:    Jiyva [******]
Gold:   1266       SH: 18    Dex: 20    Spells: 26/26 levels left

rFire    + + .     SeeInvis +   z - +9 demon whip (freeze)
rCold    + . .     Gourm    .   Q - +2 shield {rC+}
rNeg     . . .     Faith    .   D - +5 gold dragon scales
rPois    +         Spirit   .   (helmet unavailable)
rElec    +         Reflect  .   X - scarf {repulsion}
rCorr    +         Harm     .   c - +2 pair of gloves
MR       ++++.                  r - +1 pair of boots "Arhiraab" {SInv}
Stlth    ..........             O - amulet "Pesay" {rPois Regen+ Dex+3 Slay+5}
HPRegen  0.92/turn              o - ring of the Mage {Wiz MR++ Int+3}
MPRegen  0.23/turn              t - ring "Xihoenel" {rElec rF+ rC- Str+4 Int+8}

@: repel missiles
A: horns 3, demonic guardian 3, foul stench 2, low mp 1, robust 1, eyeballs 1,
gelatinous body 3, pseudopods 2, augmentation 3, jelly absorbing missiles, rot
immunity, sturdy frame 3
0: Orb of Zot
}: 4/15 runes: decaying, serpentine, slimy, silver
a: Request Jelly, Slimify, Cure Bad Mutation, Renounce Religion


You escaped.
You worshipped Jiyva.
Jiyva was exalted by your worship.
You were completely stuffed.

You visited 10 branches of the dungeon, and saw 54 of its levels.
You visited 1 bazaar.

You collected 5115 gold pieces.
You spent 3849 gold pieces at shops.

Inventory:

Hand Weapons
 z - a +9 demon whip of freezing (weapon)
Missiles
 d - 8 throwing nets (quivered)
Armour
 c - a +2 pair of gloves (worn)
 r - the +1 pair of boots "Arhiraab" (worn) {SInv}
   (You acquired it on level 2 of the Orcish Mines)

   It lets you see invisible.
 C - +1 pearl dragon scales
 D - +5 gold dragon scales (worn)
 I - a +2 pair of boots
 Q - a +2 shield of cold resistance (worn)
 X - a scarf of repulsion (worn)
Jewellery
 o - the ring of the Mage (left hand) {Wiz MR++ Int+3}
   (You found it on level 5 of the Pits of Slime)

   [ring of wizardry]

   It improves your spell success rate.
   It affects your intelligence (+3).
   It affects your resistance to hostile enchantments.
 p - the ring "Kuypsa" {*Slow rF+ MR+ Str+2 Int+2}
   (You took it off a deep elf mage on level 3 of the Elven Halls)

   [ring of protection from magic]

   It affects your strength (+2).
   It affects your intelligence (+2).
   It protects you from fire.
   It affects your resistance to hostile enchantments.
   It may slow you when you take damage.
 t - the ring "Xihoenel" (right hand) {rElec rF+ rC- Str+4 Int+8}
   (You found it on level 3 of the Depths)

   [ring of protection from fire]

   It affects your strength (+4).
   It affects your intelligence (+8).
   It protects you from fire.
   It makes you vulnerable to cold.
   It insulates you from electricity.
 A - an uncursed ring of flight
 F - the ring of Ifeni {MR+ Str+5 Stlth+}
   (You found it on level 7 of the Dungeon)

   [ring of stealth]

   It affects your strength (+5).
   It affects your resistance to hostile enchantments.
   It makes you more stealthy.
 O - the amulet "Pesay" (around neck) {rPois Regen+ Dex+3 Slay+5}
   (You took it off a deep elf death mage on level 3 of the Elven Halls)

   [amulet of regeneration]

   It affects your dexterity (+3).
   It affects your accuracy and damage with ranged weapons and melee attacks
   (+5).
   It protects you from poison.
   It increases your rate of regeneration.
 V - the ring "Oxkayc" {rPois rF- rN++ Str-3 Stlth+}
   (You found it on level 5 of the Dungeon)

   [ring of stealth]

   It affects your strength (-3).
   It makes you vulnerable to fire.
   It protects you from poison.
   It greatly protects you from negative energy.
   It makes you more stealthy.
Wands
 a - a wand of iceblast (9)
 m - a wand of disintegration (19)
 w - a wand of scattershot (15)
 E - a wand of clouds (4)
 H - a wand of digging (15)
 M - a wand of enslavement (13)
 N - a wand of paralysis (39)
 Z - a wand of acid (5)
Scrolls
 e - 13 scrolls of teleportation
 i - 4 scrolls of identify
 n - 3 scrolls of magic mapping
 q - 24 scrolls of remove curse
 v - a scroll of blinking
 y - 8 scrolls of amnesia
 G - a scroll of brand weapon
 L - 3 scrolls of fear
 P - a scroll of silence
 W - 4 scrolls of fog
Potions
 b - 2 potions of cancellation
 g - 3 potions of might
 h - a potion of ambrosia
 j - 4 potions of brilliance
 k - 10 potions of curing
 l - 10 potions of heal wounds
 s - 2 potions of invisibility
 u - a potion of magic
 x - 4 potions of flight
 B - 2 potions of haste
 J - 3 potions of berserk rage
Miscellaneous
 K - a lamp of fire (inert)
 R - a lightning rod (2/4)
 S - a phial of floods (inert)
 T - a fan of gales (inert)
Comestibles
 f - 70 rations


   Skills:
 + Level 22.8 Fighting
   Level 2.4 Long Blades
 + Level 20.2 Maces & Flails
 - Level 2.0 Throwing
 - Level 18.2 Armour
 - Level 18.3 Dodging
 - Level 15.0 Shields
 - Level 20.0 Evocations


You had 26 spell levels left.
You didn't know any spells.
Your spell library contained the following spells:

 Spells                   Type           Power        Failure   Level  Hunger
 Confusing Touch          Hex            #.....       34%         1    ##.....
 Corona                   Hex            #......      34%         1    ##.....
 Flame Tongue             Conj/Fire      #....        34%         1    ##.....
 Corpse Rot               Necr           N/A          47%         2    ###....
 Ensorcelled Hibernation  Hex/Ice        #.....       47%         2    ###....
 Passwall                 Tmut/Erth      #.......     47%         2    ###....
 Swiftness                Chrm/Air       #.......     47%         2    ###....
 Confuse                  Hex            #.......     71%         3    ####...
 Dazzling Spray           Conj/Hex       #.....       71%         3    ####...
 Gell's Gravitas          Tloc           #.........   71%         3    ####...
 Ignite Poison            Fire/Tmut/Pois #.......     71%         3    ####...
 Stone Arrow              Conj/Erth      #.....       71%         3    ####...
 Tukima's Dance           Hex            #.......     71%         3    ####...
 Cause Fear               Hex            #.........   97%         4    #####..
 Leda's Liquefaction      Hex/Erth       #.........   97%         4    #####..
 Petrify                  Tmut/Erth      #.......     97%         4    #####..
 Summon Lightning Spire   Summ/Air       #.......     97%         4    #####..
 Bolt of Magma            Conj/Fire/Erth #.........   100%        5    ######.
 Fireball                 Conj/Fire      #.........   100%        5    ######.
 Iskenderun's Battlesphe  Conj/Chrm      #.......     100%        5    ######.
 Lee's Rapid Deconstruct  Erth           #.........   100%        5    ######.
 Metabolic Englaciation   Hex/Ice        #.........   100%        5    ######.
 Silence                  Hex/Air        #.........   100%        5    ######.
 Summon Demon             Summ           #.........   100%        5    ######.
 Summon Forest            Summ/Tloc      #.........   100%        5    ######.
 Venom Bolt               Conj/Pois      #.........   100%        5    ######.
 Yara's Violent Unravell  Hex/Tmut       #.........   100%        5    ######.
 Bolt of Fire             Conj/Fire      #.........   100%        6    #######
 Darkness                 Hex            #.........   100%        6    #######
 Deflect Missiles         Chrm/Air       #.........   100%        6    #######
 Hydra Form               Tmut           #.........   100%        6    #######
 Invisibility             Hex            #.......     100%        6    #######
 Iron Shot                Conj/Erth      #.........   100%        6    #######
 Poison Arrow             Conj/Pois      #.........   100%        6    #######
 Dragon Form              Tmut           #.........   100%        7    #######
 Malign Gateway           Summ/Tloc      #.........   100%        7    #######
 Monstrous Menagerie      Summ           #.........   100%        7    #######
 Orb of Destruction       Conj           #.........   100%        7    #######
 Ring of Flames           Chrm/Fire      #.........   100%        7    #######
 Spellforged Servitor     Conj/Summ      #.........   100%        7    #######
 Summon Greater Demon     Summ           #.........   100%        7    #######
 Summon Hydra             Summ           #.........   100%        7    #######
 Chain Lightning          Conj/Air       #.........   100%        8    #######
 Discord                  Hex            #.........   100%        8    #######
 Ignition                 Fire           #.........   100%        8    #######
 Lehudib's Crystal Spear  Conj/Erth      #.........   100%        8    #######
 Summon Horrible Things   Summ           #.........   100%        8    #######
 Dragon's Call            Summ           #.........   100%        9    #######
 Fire Storm               Conj/Fire      #.........   100%        9    #######
 Glaciate                 Conj/Ice       #.........   100%        9    #######
 Passage of Golubria      Tloc           Unusable     N/A         4    N/A

Dungeon Overview and Level Annotations

Branches:
Dungeon (15/15)            Temple (0/1) D:6            Lair (6/6) D:10
  Swamp (4/4) Lair:4        Snake (4/4) Lair:4        Slime (5/5) Lair:5
    Orc (2/2) D:12            Elf (3/3) Orc:2        Vaults (5/5) D:14
  Crypt (0/3) Vaults:3     Depths (5/5) D:15            Zot (5/5) Depths:5

Altars:
Ashenzari
Cheibriados
Dithmenos
Fedhas
Gozag
Hepliaklqana
Kikubaaqudgha
Nemelex Xobeh
Okawaru
Qazlal
Ru
Sif Muna
Trog
Wu Jian
Xom
Yredelemnul
Zin
Beogh
Jiyva

Shops:
D:4 *   D:6 [   Orc:2 ((?*   Elf:3 !   Vaults:1 (   Vaults:2 =   Vaults:4 %!(*
Depths:1 =}}   Depths:2 *

Portals:
Hell: Depths:1 Depths:2 Depths:3 Depths:4 Depths:5
Abyss: Depths:3 Depths:4
Pandemonium: Depths:1 Depths:3
Ziggurat: Depths:4
Trove: Vaults:3 (give 4 scrolls of blinking)

Annotations:
D:3 exclusion: downstairs
Swamp:3 exclusion: downstairs
Slime:5 Royal Jelly
Orc:2 2 transporters, agentgt's ghost, journeyman CeCK
Elf:3 1 exclusion
Depths:3 1 runed door
Depths:4 3 runed doors, Murios's ghost, adept NaFi


Innate Abilities, Weirdness & Mutations

You have a pair of large horns on your head.
A powerful demonic guardian rushes to your aid.
You frequently emit foul miasma when damaged in melee.
Your magical and physical power is greatly enhanced at high health.
You are immune to rotting.
Your movements are significantly less encumbered by armour. (ER -6)
Your magical capacity is low. (-10% MP)
You are robust. (+10% HP)
Your body has grown golden eyes which may confuse attackers. (Acc +3)
Your gelatinous body deflects attacks. (AC +3, EV +3)
Armour fits poorly on your large pseudopods.
You have a small jelly attached to you that may absorb incoming projectiles.


Message History

Your water elemental hits the plant!
Your water elemental hits the plant!
Your water elemental is engulfed in blazing flames.
Your water elemental hits the plant.
Your water elemental hits the plant!!
Your water elemental is engulfed in blazing flames.
Your water elemental hits the plant!!
The plant is destroyed!
Your water elemental is engulfed in blazing flames.
You destroy your water elemental!
Evoke which item? (* to show all) (? for menu, Esc to quit)
Aiming: Thunderbolt
Press: ? - help, Shift-Dir - straight line Your water elemental disappears in a puff of smoke!
Evoke which item? (* to show all) (? for menu, Esc to quit)
Aiming: Thunderbolt
Press: ? - help, Shift-Dir - straight line The thunderbolt hits the plant.
The plant is heavily damaged.
You have escaped!

.........#.#......##.#.######'##.
##............#.#.##.#.# #......#
.....#####.#.###.....#.# #......#
#..#.........####.####.# #......#
..#...####.###≈##≈.###.###......#
.#...#.....##≈.≈≈.≈.#....'......#
#..#.#.....#§.8P.8.≈..####......#
..#..#.....##.....≈##.# #......#
.#.......§.§§...@≈≈...# ########
#..#..#######.♣..P≈#### ..#...#
#≈♣8♣P8P≈# .#....# ##≈♣≈≈P≈##
#..#..# ##≈##≈## ..#..## ## ###
.#...# #..#.# .....#


There were no monsters in sight!

Vanquished Creatures
  A pandemonium lord (D:10)
  6 orbs of fire
  3 ancient liches (Zot:5)
  2 juggernauts
  Saint Roka (Snake:2)
  2 curse toes
  5 Killer Klowns
  10 golden dragons
  2 bone dragons (Depths:5)
  A pearl dragon (Depths:3)
  4 electric golems
  A hellephant (D:5)
  A Hell Sentinel (D:10)
  16 tentacled monstrosities
  24 Orb Guardians (Zot:5)
  5 liches
  6 quicksilver dragons
  7 titans
  A deep elf blademaster (Elf:3)
  2 deep elf master archers (Elf:3)
  The ghost of Byebbepa the Thrower, an adept TrFi of Trog (Swamp:2)
  5 sphinxes
  5 death cobs
  8 shadow dragons
  A thorn hunter (Swamp:3)
  12 storm dragons
  5 draconian monks
  7 nagarajas
  9 tengu reavers
  A daeva (D:5)
  3 iron dragons
  19 fire giants
  12 deep elf sorcerers
  4 draconian knights
  An orc warlord (Depths:1)
  2 ghost moths
  6 frost giants
  3 draconian shifters
  4 deep elf elementalists
  8 vault wardens
  8 draconian scorchers
  Louise (Swamp:4)
  A cacodemon (Zot:2)
  4 spriggan defenders (Depths:3)
  22 very ugly things
  An entropy weaver (Vaults:5)
  3 draconian stormcallers
  4 draconian annihilators
  10 ironheart preservers
  A war gargoyle (Vaults:5)
  4 vampire knights
  8 green draconians
  31 stone giants
  13 black draconians
  5 deep elf demonologists
  7 purple draconians
  A spark wasp (shapeshifter) (Depths:2)
  7 deep elf annihilators
  11 white draconians
  A dire elephant (shapeshifter) (Depths:5)
  The ghost of pokeman the Eclecticist, a journeyman DEWz of Vehumet (D:14)
  11 spark wasps
  9 yellow draconians
  9 red draconians
  A merfolk javelineer (Depths:4)
  22 ettins
  The ghost of Zimaveycw the Spear-Bearer, a journeyman OpFi of Cheibriados (Lair:5)
  Snorg (Lair:4)
  11 ogre magi
  10 deep elf high priests
  6 deep elf death magi
  2 death oozes (Lair:5)
  Harold (D:9)
  Erolcha (Orc:1)
  14 fire dragons
  14 ice dragons
  14 naga warriors
  23 yaktaur captains
  4 rakshasas
  40 vault guards
  25 hydras
  A catoblepas (D:9)
  2 ghost crabs
  5 death knights
  6 anacondas
  10 centaur warriors
  6 spriggan air magi
  12 deep troll shamans
  7 tengu warriors
  34 dancing weapons
  A vampire mage (Depths:3)
  9 spriggan berserkers
  21 alligators
  5 orc high priests
  26 two-headed ogres
  5 shock serpents
  Urug (Lair:3)
  A shock serpent (shapeshifter) (Depths:3)
  8 naga sharpshooters
  4 deep troll earth magi
  9 hell knights
  A sun demon (Depths:1)
  18 deep elf knights
  6 iron trolls
  A soul eater (Zot:1)
  A sixfirhy (Depths:4)
  2 unseen horrors (shapeshifter)
  3 salamander mystics
  An unseen horror (Vaults:1)
  4 shambling mangroves
  A skeletal warrior (Vaults:4)
  4 spriggan druids
  4 wizards
  A golden dragon skeleton (Depths:4)
  14 deep elf archers
  19 deep trolls
  7 flayed ghosts
  4 necromancers
  A spectral hydra (Swamp:2)
  4 naga ritualists
  A lindwurm (Lair:3)
  11 swamp dragons
  17 ironbrand convokers
  A harpy (shapeshifter) (Depths:3)
  17 orc knights
  4 phantasmal warriors
  16 harpies
  An orb spider (shapeshifter) (Vaults:3)
  7 wolf spiders
  A spectral alligator (Swamp:2)
  7 mana vipers
  2 manticores
  3 orc sorcerers
  52 deep elf magi
  10 salamanders
  A faun (shapeshifter) (Depths:3)
  27 ugly things
  6 cyclopes
  29 black mambas
  24 moths of wrath
  A frost giant zombie (Depths:4)
  3 rust devils
  A black mamba (shapeshifter) (Depths:2)
  16 elephants
  13 vault sentinels
  3 guardian serpents
  A gargoyle (D:14)
  2 smoke demons (Zot:2)
  23 naga magi
  Psyche (D:8)
  24 spiny frogs
  A kobold demonologist (D:15)
  5 orange demons
  3 rime drakes
  A yaktaur (shapeshifter) (Vaults:1)
  9 freezing wraiths
  6 komodo dragons
  A rime drake (shapeshifter) (D:15)
  A tormentor (Depths:1)
  An efreet (D:13)
  2 hellions
  A spark wasp simulacrum (Depths:4)
  40 yaktaurs
  2 ice devils
  2 hellwings
  3 tengu conjurers
  A queen bee (shapeshifter) (D:15)
  A red devil (Depths:1)
  2 jumping spiders (shapeshifter)
  20 hornets
  11 trolls
  A shadow dragon simulacrum (Vaults:3)
  A polar bear (Lair:6)
  20 blink frogs
  2 spectral swamp dragons (Swamp:2)
  8 bog bodies
  6 slime creatures (Lair:5)
  7 tyrant leeches
  6 dream sheep (Lair:6)
  8 hippogriffs
  2 snapping turtles (shapeshifter)
  A meliai zombie (D:15)
  A stone giant simulacrum (Vaults:3)
  27 yaks
  2 air elementals (Elf:1)
  10 water elementals
  A shadow (D:15)
  A tarantella (shapeshifter) (Vaults:1)
  5 redbacks
  A spriggan (shapeshifter) (Vaults:3)
  11 spriggans
  8 wyverns
  A basilisk (shapeshifter) (Vaults:2)
  3 wraiths
  5 vampires
  3 steam dragons (Lair:6)
  5 basilisks
  A chaos spawn (Depths:1)
  A human simulacrum (Vaults:3)
  A neqoxec (D:4)
  9 vampire mosquitoes
  2 hungry ghosts (D:9)
  A swamp worm (shapeshifter) (D:15)
  23 insubstantial wisps
  57 nagas
  17 swamp worms
  7 wargs
  A naga (shapeshifter) (Vaults:1)
  4 acid dragons
  2 hell hounds (Depths:2)
  A soldier ant (D:14)
  5 porcupines
  22 water moccasins
  41 orc warriors
  18 swamp drakes
  A swamp drake (shapeshifter) (D:13)
  2 sky beasts
  A black bear (shapeshifter) (D:15)
  A black bear (Lair:3)
  2 phantoms
  A necrophage (D:13)
  8 wolves
  An alligator simulacrum (Swamp:2)
  19 boggarts
  28 ogres
  26 centaurs
  12 crocodiles
  3 big kobolds
  3 earth elementals
  A tyrant leech simulacrum (Swamp:2)
  An ogre simulacrum (Vaults:1)
  21 bullfrogs
  A gnoll sergeant (D:8)
  5 scorpions
  10 killer bees
  3 wights (D:13)
  2 howler monkeys
  A bullfrog zombie (D:6)
  9 crimson imps
  A quasit (D:5)
  12 jellies
  3 centaur zombies
  7 centaur skeletons
  7 hounds
  24 orc wizards
  2 bullfrog skeletons
  4 iron imps
  29 orc priests
  A spectral swamp drake (Swamp:2)
  11 iguanas
  16 worker ants
  A killer bee zombie (D:7)
  2 hound zombies
  16 adders
  8 gnolls
  A howler monkey skeleton (D:6)
  7 shadow imps
  A swamp drake simulacrum (Swamp:2)
  An ufetubus (Zot:5)
  An adder skeleton (D:7)
  3 worms
  A dart slug (D:1)
  4 leopard geckos
  87 orcs
  4 ball pythons
  10 bats
  6 giant cockroaches
  4 goblins
  9 hobgoblins
  9 jackals
  16 kobolds
  4 quokkas
  8 frilled lizards
  2 gnoll zombies (D:8)
  A leopard gecko skeleton (D:4)
  A leopard gecko zombie (D:8)
  7 rats
  A briar patch (Swamp:3)
  2 plants (D:1)
2141 creatures vanquished.

Vanquished Creatures (collateral kills)
  An ancient lich (Zot:5)
  A golden dragon (Zot:2)
  An electric golem (Zot:5)
  2 Orb Guardians (Zot:5)
  A thorn hunter (Swamp:4)
  A nagaraja (Snake:4)
  3 fire giants
  3 vault wardens (Vaults:3)
  A deep elf sorcerer (Elf:3)
  A ghost moth (Zot:2)
  A draconian stormcaller (Zot:1)
  A deep elf elementalist (Elf:3)
  2 stone giants
  2 ironheart preservers
  A draconian annihilator (Zot:2)
  2 very ugly things (Vaults:4)
  2 green draconians (Zot:3)
  A deep elf demonologist (Elf:3)
  A purple draconian (Zot:4)
  A black draconian (Zot:4)
  2 yellow draconians
  2 white draconians (Zot:2)
  A spark wasp (Depths:4)
  A deep elf death mage (Elf:3)
  A green death (Depths:1)
  2 yaktaur captains (Vaults:4)
  A deep elf high priest (Elf:3)
  A vault guard (Vaults:2)
  2 hydras
  An alligator (Swamp:2)
  A dancing weapon (Elf:2)
  3 two-headed ogres
  A tengu warrior (Depths:4)
  An orc high priest (Orc:2)
  A soul eater (Depths:2)
  A hell knight (Depths:4)
  A flayed ghost (Vaults:4)
  A wizard (Elf:1)
  2 deep trolls
  5 deep elf magi
  2 ugly things
  2 orc knights (Vaults:4)
  A salamander (Snake:1)
  A cyclops (Vaults:1)
  A moth of wrath (Zot:2)
  2 guardian serpents
  A naga mage (Snake:4)
  A vault sentinel (Vaults:1)
  2 spiny frogs
  A freezing wraith (Vaults:2)
  An ice devil (Depths:1)
  A yaktaur (Depths:5)
  A troll (D:10)
  A jumping spider (Vaults:5)
  A bog body (Swamp:2)
  A hippogriff (Lair:1)
  2 yaks (Lair:1)
  A human (shapeshifter) (Depths:2)
  3 nagas
  A swamp worm (shapeshifter) (Vaults:5)
  3 orc warriors
  A black bear (Lair:1)
  A sky beast (D:6)
  An ogre (Vaults:4)
  2 boggarts
  2 wolves
  A crocodile (Lair:2)
  A spriggan simulacrum (Swamp:2)
  A bullfrog (D:6)
  A killer bee (D:9)
  A howler monkey (D:4)
  2 worker ants
  A worker ant zombie (D:9)
  8 orcs
  A plant (D:1)
114 creatures vanquished.

Vanquished Creatures (others)
  A lich (Vaults:5)
  6 acid blobs
  A tengu reaver (Vaults:5)
  A deep elf sorcerer (Depths:4)
  2 fire giants (Depths:3)
  A war gargoyle (Vaults:5)
  A yaktaur captain (Depths:3)
  An ice dragon (Depths:5)
  4 great orbs of eyes
  A rakshasa (Depths:1)
  A vault guard (Vaults:5)
  A centaur warrior (D:15)
  A naga sharpshooter (Snake:4)
  A shadow wraith (Vaults:4)
  An unseen horror (D:15)
  A naga ritualist (Snake:3)
  A fire crab (D:15)
  A glowing orange brain (Depths:3)
  An ironbrand convoker (Vaults:5)
  A spectral hydra (Swamp:2)
  2 deep elf magi
  An ugly thing (Depths:1)
  An orc sorcerer (Snake:2)
  2 shining eyes (Slime:1)
  A cyclops (shapeshifter) (Depths:4)
  A mana viper (Snake:2)
  A moth of wrath (shapeshifter) (Vaults:5)
  A cyclops (D:15)
  4 naga magi
  A black mamba (shapeshifter) (Vaults:4)
  A vault sentinel (Vaults:5)
  An eye of devastation (Slime:5)
  A centaur zombie (D:15)
  A centaur skeleton (D:15)
  A gargoyle (D:15)
  3 yaktaurs
  A yaktaur (shapeshifter) (Vaults:1)
  54 slime creatures
  A hippogriff (D:15)
  A shadow (D:15)
  2 wyverns (Lair:6)
  4 nagas
  A soldier ant (D:13)
  A vampire mosquito (D:15)
  4 floating eyes
  A water moccasin (Lair:6)
  3 orc warriors
  A sky beast (D:15)
  2 eyes of draining (Slime:1)
  A necrophage (D:13)
  2 ogres
  4 boggarts
  A big kobold (D:15)
  A killer bee (D:13)
  399 jellies
  2 orc priests
  4 orc wizards
  An adder (D:12)
  A shadow imp (Depths:1)
  17 orcs
  2 kobolds (D:15)
  16 fungi
  34 plants
  4 toadstools (D:1)
617 creatures vanquished.

Grand Total: 2872 creatures vanquished

Notes
Turn   | Place    | Note
-------+----------+-------------------------------------------
     0 | D:1      | dragoon the Demonspawn Gladiator began the quest for the
                  | Orb.
     0 | D:1      | Reached XP level 1. HP: 16/16 MP: 1/1
    69 | D:1      | Gained mutation: A weak demonic guardian rushes to your
                  | aid. [demonic ancestry]
    69 | D:1      | Reached XP level 2. HP: 17/22 MP: 2/2
   929 | D:2      | Gained mutation: You are immune to rotting. [demonic
                  | ancestry]
   929 | D:2      | Reached XP level 3. HP: 13/28 MP: 3/3
   956 | D:2      | Found a faded altar of an unknown god.
  1260 | D:2      | Found an ornate altar of the Wu Jian Council.
  1407 | D:2      | Noticed an angel
  1408 | D:2      | Found a glowing silver altar of Zin.
  1877 | D:2      | Gained mutation: You have a pair of small horns on your
                  | head. [demonic ancestry]
  1877 | D:2      | Reached XP level 4. HP: 33/34 MP: 4/4
  2006 | D:3      | Found a stormy altar of Qazlal.
  2042 | D:3      | Found a shimmering altar of Xom.
  2099 | D:3      | Reached skill level 1 in Armour
  2434 | D:4      | Gained mutation: Your movements are slightly less
                  | encumbered by armour. (ER -2) [demonic ancestry]
  2434 | D:4      | Reached XP level 5. HP: 35/40 MP: 5/5
  2440 | D:4      | Reached skill level 3 in Fighting
  2824 | D:4      | Found a snail-covered altar of Cheibriados.
  2840 | D:4      | Reached XP level 6. HP: 31/47 MP: 6/6
  2877 | D:4      | Found Umemob's Assorted Antiques.
  2968 | D:4      | Found a hazy altar of Hepliaklqana.
  3038 | D:4      | Found an opulent altar of Gozag.
  3195 | D:5      | Entered Level 5 of the Dungeon
  3430 | D:5      | Got a scorched pewter ring
  3586 | D:5      | Found the +4 skin of Zhor {rC+++}
  4002 | D:6      | Reached skill level 1 in Long Blades
  4002 | D:6      | Gained mutation: You have a pair of horns on your head.
                  | [demonic ancestry]
  4002 | D:6      | Reached XP level 7. HP: 42/53 MP: 7/7
  4009 | D:6      | Found Baseydok's Antique Armour Boutique.
  4090 | D:6      | Reached skill level 4 in Fighting
  4117 | D:6      | Reached skill level 5 in Maces & Flails
  4160 | D:6      | Found a shadowy altar of Dithmenos.
  4167 | D:6      | Got a brightly glowing long sword
  4169 | D:6      | Identified the +6 long sword of Honour {slice, Int+7
                  | Stlth+} (You found it on level 6 of the Dungeon)
  4176 | D:6      | Identified the ring "Oxkayc" {rPois rF- rN++ Str-3 Stlth+}
                  | (You found it on level 5 of the Dungeon)
  4267 | D:6      | Got a brightly glowing morningstar
  4268 | D:6      | Identified the +7 morningstar of Infinite Pain {flame,
                  | Str+4} (You found it on level 6 of the Dungeon)
  4273 | D:6      | Gained mutation: You expend magic power (3 MP) to
                  | strengthen your wands. [potion of mutation]
  4273 | D:6      | Gained mutation: You are agile. (Dex +2) [potion of
                  | mutation]
  4273 | D:6      | Gained mutation: You tend to lose your temper in combat.
                  | [potion of mutation]
  4273 | D:6      | Lost mutation: You tend to lose your temper in combat.
                  | [potion of mutation]
  4473 | D:6      | Found a staircase to the Ecumenical Temple.
  4650 | D:7      | Reached XP level 8. HP: 45/61 MP: 8/8
  4665 | D:7      | Found a shattered altar of Ashenzari.
  4857 | D:7      | Reached skill level 5 in Fighting
  4857 | D:7      | Reached skill level 5 in Dodging
  4857 | D:7      | Reached skill level 1 in Shields
  4966 | D:7      | Got a clouded silver ring
  5027 | D:7      | Found a sacrificial altar of Ru.
  5417 | D:8      | Reached XP level 9. HP: 66/68 MP: 9/9
  5689 | D:8      | Identified the ring of Ifeni {MR+ Str+5 Stlth+} (You found
                  | it on level 7 of the Dungeon)
  5790 | D:8      | Noticed Psyche
  5806 | D:8      | Killed Psyche
  5849 | D:8      | Found a basalt altar of Yredelemnul.
  5978 | D:8      | Reached skill level 6 in Fighting
  6443 | D:9      | Reached skill level 5 in Armour
  6558 | D:9      | Noticed Harold
  6571 | D:9      | Killed Harold
  6571 | D:9      | Reached XP level 10. HP: 64/77 MP: 10/10
  6763 | D:9      | Noticed a catoblepas
  6824 | D:9      | Killed a catoblepas
  6824 | D:9      | Reached skill level 7 in Fighting
  6998 | D:9      | Found a deep blue altar of Sif Muna.
  7061 | D:9      | Found a blossoming altar of Fedhas.
  7090 | D:10     | Entered Level 10 of the Dungeon
  7153 | D:10     | Noticed a two-headed ogre
  7160 | D:10     | Killed a two-headed ogre
  7445 | D:10     | Noticed a two-headed ogre
  7449 | D:10     | Killed a two-headed ogre
  7556 | D:10     | Found a staircase to the Lair.
  7584 | D:10     | Reached XP level 11. HP: 50/84 MP: 11/11
  8072 | Lair:1   | Entered Level 1 of the Lair of Beasts
  8554 | Lair:1   | Reached skill level 8 in Fighting
  8554 | Lair:1   | Reached skill level 10 in Maces & Flails
  8819 | Lair:1   | Noticed a five-headed hydra
  8824 | Lair:1   | Killed a five-headed hydra
  9969 | Lair:2   | Noticed a five-headed hydra
  9976 | Lair:2   | Killed a five-headed hydra
  9996 | Lair:2   | Noticed a four-headed hydra
 10001 | Lair:2   | Killed a four-headed hydra
 10063 | Lair:2   | Reached XP level 12. HP: 82/94 MP: 12/12
 10223 | Lair:2   | Reached skill level 9 in Fighting
 10295 | Lair:2   | Noticed a death yak
 10295 | Lair:2   | Noticed a death yak
 10296 | Lair:2   | Noticed a death yak
 10296 | Lair:2   | Noticed a death yak
 10296 | Lair:2   | Noticed a death yak
 10566 | Lair:2   | Noticed an eight-headed hydra
 10577 | Lair:2   | Killed an eight-headed hydra
 10974 | Lair:3   | Noticed Urug
 10989 | Lair:3   | Killed Urug
 11617 | Lair:3   | Reached skill level 1 in Evocations
 12086 | Lair:4   | Found a staircase to the Snake Pit.
 12136 | Lair:4   | Found a staircase to the Swamp.
 12164 | Lair:4   | Noticed Snorg
 12175 | Lair:4   | Killed Snorg
 12254 | Lair:4   | Noticed a four-headed hydra
 12259 | Lair:4   | Killed a four-headed hydra
 12341 | Lair:4   | Gained mutation: You have a pair of large horns on your
                  | head. [demonic ancestry]
 12341 | Lair:4   | Reached XP level 13. HP: 92/103 MP: 14/14
 12346 | Lair:4   | Reached skill level 10 in Fighting
 13041 | Lair:5   | Found a sparkling altar of Nemelex Xobeh.
 13107 | Lair:5   | Found a runed gate.
 13124 | Lair:5   | Found a runed gate.
 13124 | Lair:5   | Found a runed gate.
 13129 | Lair:5   | Found a viscous altar of Jiyva.
 13129 | Lair:5   | Noticed a death ooze
 13129 | Lair:5   | Noticed Zimaveycw's ghost (journeyman OpFi)
 13129 | Lair:5   | Noticed a death ooze
 13595 | Lair:5   | Found a viscous altar of Jiyva.
 13595 | Lair:5   | Found a staircase to the Slime Pits.
 13760 | Lair:5   | Killed a death ooze
 13765 | Lair:5   | Killed a death ooze
 13770 | Lair:5   | Killed Zimaveycw's ghost
 13816 | Lair:5   | Became a worshipper of Jiyva Jupishul the Shapeless
 13876 | Lair:6   | Entered Level 6 of the Lair of Beasts
 14104 | Lair:5   | Reached skill level 10 in Dodging
 14344 | Lair:6   | Reached * piety under Jiyva
 14398 | Lair:6   | Reached ** piety under Jiyva
 14491 | Lair:6   | Reached *** piety under Jiyva
 14536 | Lair:6   | Lost mutation: You expend magic power (3 MP) to strengthen
                  | your wands. [Jiyva's grace]
 14881 | Lair:6   | Reached XP level 14. HP: 96/111 MP: 17/17
 14884 | Lair:6   | Reached skill level 5 in Evocations
 15271 | Lair:6   | Reached **** piety under Jiyva
 15271 | Lair:6   | Gained mutation: You evolve. [Jiyva's grace]
 15359 | Lair:6   | Reached skill level 11 in Fighting
 15912 | D:11     | Gained mutation: Your system is resistant to poisons.
                  | (rPois) [Jiyva's grace]
 15995 | D:11     | Reached skill level 10 in Armour
 16031 | D:11     | Reached ***** piety under Jiyva
 16038 | D:11     | Gained mutation: You are robust. (+10% HP) [Jiyva's grace]
 16096 | D:11     | Gained mutation: Your movements are less encumbered by
                  | armour. (ER -4) [Jiyva's grace]
 16462 | D:12     | Found a staircase to the Orcish Mines.
 16616 | D:12     | Lost mutation: You are agile. (Dex +2) [Jiyva's grace]
 16654 | D:12     | Reached ****** piety under Jiyva
 16656 | D:12     | Gained mutation: You are resistant to hostile enchantments.
                  | (MR+) [Jiyva's grace]
 16785 | D:12     | Lost mutation: You are robust. (+10% HP) [potion of
                  | mutation]
 16785 | D:12     | Lost mutation: You are resistant to hostile enchantments.
                  | (MR+) [potion of mutation]
 16785 | D:12     | Lost mutation: You evolve. [potion of mutation]
 16785 | D:12     | Gained mutation: You possess an exceptional clarity of
                  | mind. [potion of mutation]
 16785 | D:12     | Gained mutation: Your mind is acute. (Int +2) [potion of
                  | mutation]
 16785 | D:12     | Gained mutation: You expend magic power (3 MP) to
                  | strengthen your wands. [potion of mutation]
 17280 | D:13     | Gained mutation: You have a small jelly attached to you
                  | that may absorb incoming projectiles. [Jiyva's grace]
 17451 | D:13     | Lost mutation: You have a small jelly attached to you that
                  | may absorb incoming projectiles. [Jiyva's grace]
 17478 | D:13     | Gained mutation: Your flesh is heat resistant. (rF+)
                  | [Jiyva's grace]
 17819 | D:13     | Gained mutation: You have a small jelly attached to you
                  | that may absorb incoming projectiles. [Jiyva's grace]
 18371 | D:14     | Noticed pokeman's ghost (journeyman DEWz)
 18378 | D:14     | Found a runed gate.
 18378 | D:14     | Found a runed gate.
 18380 | D:14     | Found a runed gate.
 18602 | D:14     | Found a gate to the Vaults.
 18662 | D:14     | Lost mutation: You have a small jelly attached to you that
                  | may absorb incoming projectiles. [Jiyva's grace]
 18878 | D:14     | Killed pokeman's ghost
 18878 | D:14     | Reached XP level 15. HP: 96/120 MP: 8/20
 18984 | D:15     | Entered Level 15 of the Dungeon
 19023 | D:15     | Lost mutation: You possess an exceptional clarity of mind.
                  | [Jiyva's grace]
 19066 | D:15     | Found a staircase to the Depths.
 19178 | D:15     | Lost mutation: Your mind is acute. (Int +2) [Jiyva's grace]
 19269 | D:15     | Found a large runed door.
 19270 | D:15     | Found a large runed door.
 19282 | D:15     | Lost mutation: Your flesh is heat resistant. (rF+) [Jiyva's
                  | grace]
 19307 | D:15     | Found a sacrificial altar of Ru.
 19431 | D:15     | Found a bloodstained altar of Trog.
 19674 | D:15     | Found a sacrificial altar of Ru.
 19686 | D:15     | Found a hazy altar of Hepliaklqana.
 19932 | Orc:1    | Entered Level 1 of the Orcish Mines
 19932 | Orc:1    | Noticed Erolcha
 20048 | D:12     | Lost mutation: Your movements are less encumbered by
                  | armour. (ER -4) [Jiyva's grace]
 20080 | Orc:1    | Killed Erolcha
 20345 | Orc:1    | Found a roughly hewn altar of Beogh.
 20462 | Orc:2    | Entered Level 2 of the Orcish Mines
 20605 | Orc:2    | Reached skill level 12 in Fighting
 20646 | Orc:2    | Found a roughly hewn altar of Beogh.
 20764 | Orc:2    | Found a staircase to the Elven Halls.
 20863 | Orc:2    | Found a transporter.
 20868 | Orc:2    | Noticed agentgt's ghost (journeyman CeCK)
 20883 | Orc:2    | Found a transporter.
 20996 | Orc:2    | Gained mutation: You possess an exceptional clarity of
                  | mind. [Jiyva's grace]
 21229 | Orc:2    | Lost mutation: You possess an exceptional clarity of mind.
                  | [Jiyva's grace]
 21235 | Orc:2    | Lost mutation: You expend magic power (3 MP) to strengthen
                  | your wands. [Jiyva's grace]
 21244 | Orc:2    | Gained mutation: You are covered in fur. (AC +1) [Jiyva's
                  | grace]
 21271 | Orc:2    | Reached skill level 15 in Maces & Flails
 21279 | Orc:2    | Gained mutation: You are covered in thick fur. (AC +2)
                  | [Jiyva's grace]
 21312 | Orc:2    | Gained mutation: Your spells are a little easier to cast,
                  | but a little less powerful. [Jiyva's grace]
 21340 | Orc:2    | Gained mutation: You are agile. (Dex +2) [Jiyva's grace]
 21384 | Orc:2    | Found Xaryocyo's General Store.
 21384 | Orc:2    | Found Ogugip's Antique Weapon Boutique.
 21385 | Orc:2    | Found Xummiytor's Magic Scroll Shop.
 21385 | Orc:2    | Found Ranyitont's Antique Weapon Boutique.
 21399 | Orc:2    | Bought a scroll of magic mapping for 59 gold pieces
 21404 | Orc:2    | Bought a scroll of identify for 34 gold pieces
 21404 | Orc:2    | Bought a scroll of identify for 34 gold pieces
 21626 | D:4      | Bought a potion of agility for 104 gold pieces
 21626 | D:4      | Bought a marble ring for 130 gold pieces
 21824 | Swamp:1  | Entered Level 1 of the Swamp
 22014 | Swamp:1  | Lost mutation: Your spells are a little easier to cast, but
                  | a little less powerful. [Jiyva's grace]
 22065 | Swamp:1  | Gained mutation: Your rubbery body absorbs attacks. (AC +1,
                  | EV +1) [Jiyva's grace]
 22583 | Swamp:2  | Found a runed gate.
 22594 | Swamp:2  | Found a runed gate.
 22595 | Swamp:2  | Found a runed gate.
 22603 | Swamp:2  | Noticed Byebbepa's ghost (adept TrFi)
 22901 | Swamp:2  | Lost mutation: You are agile. (Dex +2) [Jiyva's grace]
 22917 | Swamp:2  | Gained mutation: Your movements are less encumbered by
                  | armour. (ER -4) [demonic ancestry]
 22917 | Swamp:2  | Reached XP level 16. HP: 91/129 MP: 22/22
 23497 | Swamp:3  | Noticed a thorn hunter
 23508 | Swamp:3  | Killed a thorn hunter
 24143 | Swamp:3  | Lost mutation: Your system is resistant to poisons. (rPois)
                  | [Jiyva's grace]
 24177 | Swamp:3  | Found an opulent altar of Gozag.
 24247 | Swamp:3  | Gained mutation: You are dopey. (Int -2) [Jiyva's grace]
 24413 | Swamp:4  | Entered Level 4 of the Swamp
 24439 | Swamp:4  | Paralysed by a hornet for 3 turns
 24761 | Swamp:4  | Noticed Louise
 24765 | Swamp:4  | Reached skill level 13 in Fighting
 24778 | Swamp:4  | Killed Louise
 25653 | Swamp:4  | Noticed a thorn hunter
 25662 | Swamp:4  | Killed a thorn hunter
 25746 | Swamp:4  | Noticed a tentacled monstrosity
 25813 | Swamp:4  | Gained mutation: You are robust. (+10% HP) [Jiyva's grace]
 25834 | Swamp:4  | Got a decaying rune of Zot
 25866 | Swamp:4  | Killed a tentacled monstrosity
 25877 | Swamp:4  | Gained mutation: You have supernaturally acute eyesight.
                  | (SInv) [Jiyva's grace]
 26461 | Swamp:4  | Lost mutation: You are dopey. (Int -2) [Jiyva's grace]
 26722 | Lair:4   | Lost mutation: Your rubbery body absorbs attacks. (AC +1,
                  | EV +1) [potion of mutation]
 26722 | Lair:4   | Lost mutation: You have supernaturally acute eyesight.
                  | (SInv) [potion of mutation]
 26722 | Lair:4   | Lost mutation: You are robust. (+10% HP) [potion of
                  | mutation]
 26722 | Lair:4   | Lost mutation: You are covered in thick fur. (AC +2)
                  | [potion of mutation]
 26722 | Lair:4   | Gained mutation: You have large cloven feet. [potion of
                  | mutation]
 26722 | Lair:4   | Gained mutation: Your magical capacity is low. (-10% MP)
                  | [potion of mutation]
 26722 | Lair:4   | Gained mutation: Your system is resistant to poisons.
                  | (rPois) [potion of mutation]
 26722 | Lair:4   | Gained mutation: You can translocate small distances at
                  | will. [potion of mutation]
 26732 | Snake:1  | Entered Level 1 of the Snake Pit
 26739 | Snake:1  | Reached skill level 10 in Evocations
 26855 | Snake:1  | Reached XP level 17. HP: 128/137 MP: 22/22
 27164 | Snake:1  | You fall through a shaft!
 27164 | Snake:2  | Noticed Saint Roka
 27177 | Snake:2  | Found a gateway to a bazaar.
 27186 | Bazaar   | Entered a bazaar
 27186 | Bazaar   | Found Viyh's Assorted Antiques.
 27186 | Bazaar   | Found Luguowuu's General Store.
 27187 | Bazaar   | Found Duwn's Jewellery Emporium.
 27187 | Bazaar   | Found Enaottad's Antique Weapon Emporium.
 27209 | Bazaar   | Bought a dazzling plate armour for 812 gold pieces
 27227 | Bazaar   | Identified the cursed +0 plate armour of the Loofah {rElec
                  | MR+} (You bought it in a shop in a bazaar)
 27236 | Bazaar   | Bought a scroll of blinking for 82 gold pieces
 27236 | Bazaar   | Bought a scroll of teleportation for 33 gold pieces
 27271 | Bazaar   | Bought the amulet of Suspicion {Reflect Int+2 SH+6} for 975
                  | gold pieces
 27654 | Snake:1  | Found a snail-covered altar of Cheibriados.
 27661 | Snake:1  | Lost mutation: You can translocate small distances at will.
                  | [Jiyva's grace]
 27714 | Snake:1  | Lost mutation: Your magical capacity is low. (-10% MP)
                  | [Jiyva's grace]
 28058 | Snake:2  | Killed Saint Roka
 28185 | Snake:2  | Gained mutation: Scrolls take you a little longer to read.
                  | [Jiyva's grace]
 28280 | Snake:2  | Lost mutation: Scrolls take you a little longer to read.
                  | [Jiyva's grace]
 28324 | Snake:2  | Reached skill level 5 in Shields
 29133 | Snake:3  | Gained mutation: You are robust. (+10% HP) [Jiyva's grace]
 29285 | Snake:3  | Gained mutation: You are resistant to hostile enchantments.
                  | (MR+) [Jiyva's grace]
 29319 | Snake:3  | Lost mutation: You are robust. (+10% HP) [Jiyva's grace]
 29397 | Snake:3  | Reached skill level 14 in Fighting
 29450 | Snake:3  | Lost mutation: You are resistant to hostile enchantments.
                  | (MR+) [Jiyva's grace]
 29640 | Snake:4  | Entered Level 4 of the Snake Pit
 29749 | Snake:4  | Lost mutation: You are covered in fur. (AC +1) [Jiyva's
                  | grace]
 30339 | Snake:4  | Gained mutation: You are somewhat resistant to further
                  | mutation. [Jiyva's grace]
 30737 | Snake:4  | Gained mutation: You are robust. (+10% HP) [Jiyva's grace]
 30870 | Snake:4  | Gained mutation: A demonic guardian rushes to your aid.
                  | [demonic ancestry]
 30870 | Snake:4  | Reached XP level 18. HP: 75/161 MP: 26/26
 31193 | Snake:4  | Gained mutation: You are agile. (Dex +2) [Jiyva's grace]
 31214 | Snake:4  | Gained mutation: Your mind is acute. (Int +2) [Jiyva's
                  | grace]
 31222 | Snake:4  | Lost mutation: You are somewhat resistant to further
                  | mutation. [Jiyva's grace]
 31271 | Snake:4  | Lost mutation: You are robust. (+10% HP) [Jiyva's grace]
 31324 | Snake:4  | Got a serpentine rune of Zot
 31762 | Elf:1    | Entered Level 1 of the Elven Halls
 31826 | Orc:2    | Lost mutation: You are agile. (Dex +2) [Jiyva's grace]
 32094 | Elf:1    | Found an ancient bone altar of Kikubaaqudgha.
 32754 | Elf:1    | Lost mutation: Your mind is acute. (Int +2) [Jiyva's grace]
 33170 | Elf:2    | Gained mutation: You are somewhat resistant to further
                  | mutation. [Jiyva's grace]
 33222 | Elf:2    | Found a runed gate.
 33222 | Elf:2    | Found a runed gate.
 33223 | Elf:2    | Found a runed gate.
 33393 | Elf:2    | Gained mutation: You expend magic power (3 MP) to
                  | strengthen your wands. [Jiyva's grace]
 33635 | Elf:2    | Gained mutation: Your flesh is heat resistant. (rF+)
                  | [Jiyva's grace]
 33673 | Elf:2    | Reached skill level 15 in Fighting
 34015 | Elf:2    | Gained mutation: Your mind is acute. (Int +2) [Jiyva's
                  | grace]
 34347 | Swamp:2  | Killed Byebbepa's ghost
 34367 | Swamp:2  | Got a pitted mace
 34368 | Swamp:2  | Identified the +4 mace "Runlysin" {crush, rF+} (You found
                  | it on level 2 of the Swamp)
 34371 | Swamp:2  | Gained mutation: You have sharp fingernails. [Jiyva's
                  | grace]
 34631 | Elf:3    | Entered Level 3 of the Elven Halls
 34713 | Elf:3    | Found Beniun's Distillery.
 34723 | Elf:3    | Gained mutation: You may emit foul miasma when damaged in
                  | melee. [demonic ancestry]
 34723 | Elf:3    | Reached XP level 19. HP: 155/155 MP: 28/28
 34726 | Elf:3    | Bought a potion of heal wounds for 70 gold pieces
 34726 | Elf:3    | Bought a potion of curing for 42 gold pieces
 34862 | Elf:3    | Gained mutation: Your muscles are strong. (Str +2) [Jiyva's
                  | grace]
 35155 | Elf:3    | Lost mutation: Your flesh is heat resistant. (rF+) [Jiyva's
                  | grace]
 35666 | Elf:3    | Lost mutation: Your muscles are strong. (Str +2) [Jiyva's
                  | grace]
 35705 | Elf:3    | Lost mutation: Your system is resistant to poisons. (rPois)
                  | [Jiyva's grace]
 35751 | Elf:3    | Lost mutation: You expend magic power (3 MP) to strengthen
                  | your wands. [Jiyva's grace]
 35796 | Elf:3    | Gained mutation: Your rubbery body absorbs attacks. (AC +1,
                  | EV +1) [Jiyva's grace]
 35825 | Elf:3    | Gained mutation: You have a small jelly attached to you
                  | that senses nearby items. [Jiyva's grace]
 35835 | Elf:3    | Lost mutation: Your mind is acute. (Int +2) [Jiyva's grace]
 35846 | Elf:3    | Gained mutation: You are agile. (Dex +2) [Jiyva's grace]
 35964 | Elf:3    | Got a translucent crystal amulet
 35965 | Elf:3    | Identified the amulet "Pesay" {rPois Regen+ Dex+3 Slay+5}
                  | (You took it off a deep elf death mage on level 3 of the
                  | Elven Halls)
 35970 | Elf:3    | Got a smoking wooden ring
 35973 | Elf:3    | Identified the ring "Kuypsa" {*Slow rF+ MR+ Str+2 Int+2}
                  | (You took it off a deep elf mage on level 3 of the Elven
                  | Halls)
 35980 | Elf:3    | Got a heavily runed brass ring
 35982 | Elf:3    | Identified the ring "Nior" {rPois Stlth+} (You took it off
                  | a deep elf high priest on level 3 of the Elven Halls)
 35996 | Elf:3    | Gained mutation: Your flesh is heat resistant. (rF+)
                  | [Jiyva's grace]
 36333 | Vaults:1 | Entered Level 1 of the Vaults
 36400 | Vaults:1 | Got a coiled iron ring
 36499 | D:14     | Gained mutation: You are covered in slimy tendrils that may
                  | disarm your opponents. [Jiyva's grace]
 36503 | D:14     | Gained mutation: Your flesh is very heat resistant. (rF++)
                  | [Jiyva's grace]
 36668 | Orc:2    | Bought a +2 shield of cold resistance for 322 gold pieces
 37057 | Vaults:1 | Gained mutation: You have a small jelly attached to you
                  | that may absorb incoming projectiles. [Jiyva's grace]
 37073 | Vaults:1 | Lost mutation: You have large cloven feet. [Jiyva's grace]
 37148 | Vaults:1 | Identified the ring "Qoschotre" {rN+ Dex+2} (You found it
                  | on level 1 of the Vaults)
 37151 | Vaults:1 | Identified a scroll of acquirement
 37180 | Vaults:1 | Lost mutation: Your rubbery body absorbs attacks. (AC +1,
                  | EV +1) [Jiyva's grace]
 37307 | Vaults:1 | Found Laobrist's Weapon Boutique.
 37406 | Vaults:1 | Gained mutation: Armour fits poorly on your pseudopods.
                  | [Jiyva's grace]
 37782 | Vaults:2 | Lost mutation: Your flesh is very heat resistant. (rF++)
                  | [Jiyva's grace]
 38062 | Vaults:2 | Reached skill level 16 in Fighting
 38062 | Vaults:2 | Gained mutation: Your magical and physical power is
                  | slightly enhanced at high health. [demonic ancestry]
 38062 | Vaults:2 | Reached XP level 20. HP: 155/164 MP: 30/30
 38123 | Vaults:2 | Found Qylia's Jewellery Emporium.
 38187 | Vaults:2 | Reached skill level 15 in Dodging
 38383 | Vaults:2 | Gained mutation: You can translocate small distances at
                  | will. [Jiyva's grace]
 38384 | Vaults:2 | Reached skill level 10 in Shields
 38414 | Vaults:2 | Lost mutation: You can translocate small distances at will.
                  | [Jiyva's grace]
 38427 | Vaults:2 | Gained mutation: Your system is resistant to poisons.
                  | (rPois) [Jiyva's grace]
 38435 | Vaults:2 | Lost mutation: You are agile. (Dex +2) [Jiyva's grace]
 38480 | Vaults:2 | Lost mutation: Your flesh is heat resistant. (rF+) [Jiyva's
                  | grace]
 38555 | Vaults:2 | Gained mutation: Your rubbery body absorbs attacks. (AC +1,
                  | EV +1) [Jiyva's grace]
 39313 | Vaults:3 | Lost mutation: You have sharp fingernails. [Jiyva's grace]
 39369 | Vaults:3 | Found a staircase to the Crypt.
 39420 | Vaults:3 | Gained mutation: Your pliable body absorbs attacks. (AC +2,
                  | EV +2) [Jiyva's grace]
 39512 | Vaults:3 | Found a portal to a secret trove of treasure.
 39593 | Vaults:3 | Lost mutation: You are somewhat resistant to further
                  | mutation. [Jiyva's grace]
 39608 | Vaults:3 | Reached skill level 15 in Armour
 39637 | Vaults:3 | Gained mutation: You passively map a small area around you.
                  | [Jiyva's grace]
 40053 | Vaults:3 | Gained mutation: You are resistant to hostile enchantments.
                  | (MR+) [Jiyva's grace]
 40078 | Vaults:3 | Lost mutation: You passively map a small area around you.
                  | [Jiyva's grace]
 40127 | Vaults:4 | Found Piarroax's General Store.
 40138 | Vaults:4 | Bought a +2 pair of gloves for 214 gold pieces
 40634 | Vaults:4 | Reached XP level 21. HP: 164/172 MP: 31/31
 40979 | Vaults:4 | Found Rajiecwel's Distillery.
 40980 | Vaults:4 | Found Aclunum's Antique Weapon Emporium.
 41343 | Vaults:4 | Found Usteaff's Food Shop.
 41373 | Vaults:4 | Gained mutation: You are robust. (+10% HP) [Jiyva's grace]
 41382 | Vaults:4 | Lost mutation: You are covered in slimy tendrils that may
                  | disarm your opponents. [Jiyva's grace]
 41387 | Vaults:4 | Lost mutation: Your system is resistant to poisons. (rPois)
                  | [Jiyva's grace]
 41414 | Vaults:4 | Gained mutation: You have supernaturally acute eyesight.
                  | (SInv) [Jiyva's grace]
 41422 | Vaults:4 | Lost mutation: Armour fits poorly on your pseudopods.
                  | [Jiyva's grace]
 41456 | Vaults:4 | Lost mutation: You have supernaturally acute eyesight.
                  | (SInv) [Jiyva's grace]
 41707 | Depths:1 | Entered Level 1 of the Depths
 41938 | Slime:1  | Entered Level 1 of the Pits of Slime
 42115 | Slime:5  | Entered Level 5 of the Pits of Slime
 42208 | Slime:5  | Noticed the Royal Jelly
 42208 | Slime:5  | Lost mutation: You are resistant to hostile enchantments.
                  | (MR+) [Jiyva's grace]
 42209 | Slime:5  | Found a viscous altar of Jiyva.
 42211 | Slime:5  | Found the ring of the Mage {Wiz MR++ Int+3}
 42213 | Slime:5  | Gained mutation: You evolve. [Jiyva's grace]
 42217 | Slime:5  | Gained mutation: Your gelatinous body deflects attacks. (AC
                  | +3, EV +3) [Jiyva's grace]
 42222 | Slime:5  | Lost mutation: You are robust. (+10% HP) [Jiyva's grace]
 42235 | Slime:5  | Got a slimy rune of Zot
 42247 | Slime:5  | Got a twitching golden ring
 42249 | Slime:5  | Lost mutation: You evolve. [Jiyva's grace]
 42268 | Slime:5  | Identified the ring of Coishuc {*Tele rN+ SInv} (You found
                  | it on level 5 of the Pits of Slime)
 43228 | Depths:1 | Found a gateway to Hell.
 43416 | Depths:1 | Gained mutation: You have supernaturally acute eyesight.
                  | (SInv) [Jiyva's grace]
 43648 | Depths:1 | Reached skill level 17 in Fighting
 43672 | Depths:1 | Lost mutation: You have supernaturally acute eyesight.
                  | (SInv) [Jiyva's grace]
 43692 | Depths:1 | Got a wavering lead ring
 43692 | Depths:1 | Gained mutation: You have an increased reservoir of magic.
                  | (+10% MP) [Jiyva's grace]
 43697 | Depths:1 | Identified the ring "Ontetoil" {MR+ Int+7} (You found it on
                  | level 1 of the Depths)
 43827 | Depths:1 | Gained mutation: You are resistant to hostile enchantments.
                  | (MR+) [Jiyva's grace]
 43833 | Depths:1 | Found Fisash's Gadget Shoppe.
 43834 | Depths:1 | Found Ethaif Ybig's Jewellery Boutique.
 43835 | Depths:1 | Found Xoamuosk's Gadget Shoppe.
 43851 | Depths:1 | Gained mutation: Your body has grown golden eyes which may
                  | confuse attackers. (Acc +3) [Jiyva's grace]
 43874 | Depths:1 | Found a one-way gate leading to the halls of Pandemonium.
 43884 | Depths:1 | Reached skill level 15 in Evocations
 44037 | Depths:1 | Gained mutation: Your system is resistant to poisons.
                  | (rPois) [Jiyva's grace]
 44214 | Depths:2 | Found Naefoz's Assorted Antiques.
 44219 | Depths:2 | Bought a tubular cabochon ring for 130 gold pieces
 44323 | Depths:2 | Lost mutation: You have an increased reservoir of magic.
                  | (+10% MP) [Jiyva's grace]
 44488 | Depths:2 | Lost mutation: You are resistant to hostile enchantments.
                  | (MR+) [Jiyva's grace]
 44496 | Depths:2 | Noticed a juggernaut
 44506 | Depths:2 | Killed a juggernaut
 44556 | Depths:2 | Gained mutation: You are somewhat resistant to further
                  | mutation. [Jiyva's grace]
 44885 | Depths:2 | Gained mutation: Your movements are significantly less
                  | encumbered by armour. (ER -6) [Jiyva's grace]
 44913 | Depths:2 | Lost mutation: You are somewhat resistant to further
                  | mutation. [Jiyva's grace]
 45281 | Depths:3 | Reached XP level 22. HP: 141/182 MP: 33/33
 45309 | Depths:3 | Found a blossoming altar of Fedhas.
 45706 | Depths:3 | Gained mutation: You evolve. [Jiyva's grace]
 45710 | Depths:3 | Noticed a golden dragon
 45772 | Depths:3 | Found a one-way gate to the infinite horrors of the Abyss.
 45772 | Depths:3 | Noticed a golden dragon
 45887 | Depths:3 | Reached skill level 18 in Fighting
 45901 | Depths:3 | Reached skill level 15 in Shields
 46033 | Depths:3 | Noticed a golden dragon
 46041 | Depths:3 | Killed a golden dragon
 46060 | Depths:3 | Lost mutation: You evolve. [Jiyva's grace]
 46249 | Depths:3 | Found the +8 whip "Snakebite" {curare, rPois}
 46260 | Depths:3 | Got a transparent tin ring
 46265 | Depths:3 | Identified the ring "Xihoenel" {rElec rF+ rC- Str+4 Int+8}
                  | (You found it on level 3 of the Depths)
 46374 | Depths:3 | Lost mutation: Your system is resistant to poisons. (rPois)
                  | [Jiyva's grace]
 46389 | Depths:3 | Killed a golden dragon
 46393 | Depths:3 | Gained mutation: Your spells are a little harder to cast,
                  | but a little more powerful. [Jiyva's grace]
 46419 | Depths:3 | Gained mutation: You have sharp fingernails. [Jiyva's
                  | grace]
 46459 | Depths:3 | Noticed a juggernaut
 46472 | Depths:3 | Killed a juggernaut
 46482 | Depths:3 | Lost mutation: Your spells are a little harder to cast, but
                  | a little more powerful. [Jiyva's grace]
 46516 | Depths:3 | Noticed a caustic shrike
 46520 | Depths:3 | Found a runed door.
 46692 | Depths:3 | Lost mutation: You have sharp fingernails. [Jiyva's grace]
 46901 | Depths:3 | Lost mutation: Your movements are significantly less
                  | encumbered by armour. (ER -6) [Jiyva's grace]
 46972 | Depths:3 | Lost mutation: Your gelatinous body deflects attacks. (AC
                  | +3, EV +3) [Jiyva's grace]
 47173 | Depths:3 | Gained mutation: You are agile. (Dex +2) [Jiyva's grace]
 47218 | Depths:3 | Noticed a golden dragon
 47221 | Depths:3 | Gained mutation: Your magical and physical power is
                  | enhanced at high health. [demonic ancestry]
 47221 | Depths:3 | Reached XP level 23. HP: 172/192 MP: 35/35
 47242 | Depths:3 | Got a brightly glowing jade ring
 47243 | Depths:3 | Identified the cursed ring "Olyrch" {MP+9 AC-2} (You took
                  | it off a yaktaur captain on level 3 of the Depths)
 47564 | Depths:4 | Gained mutation: Your muscles are strong. (Str +2) [Jiyva's
                  | grace]
 47653 | Depths:4 | Reached skill level 19 in Fighting
 47835 | Depths:4 | Found a gateway to a ziggurat.
 47875 | Depths:4 | Gained mutation: Your body has grown many golden eyes which
                  | may confuse attackers. (Acc +5) [Jiyva's grace]
 47983 | Depths:4 | Noticed Murios's ghost (adept NaFi)
 47994 | Depths:4 | Found a runed gate.
 47994 | Depths:4 | Found a runed gate.
 47994 | Depths:4 | Found a runed gate.
 48178 | Depths:4 | Lost mutation: Your muscles are strong. (Str +2) [Jiyva's
                  | grace]
 48286 | Depths:5 | Entered Level 5 of the Depths
 48591 | Depths:5 | Gained mutation: You possess an exceptional clarity of
                  | mind. [Jiyva's grace]
 48864 | Depths:5 | Lost mutation: You possess an exceptional clarity of mind.
                  | [Jiyva's grace]
 48899 | Depths:5 | Gained mutation: You evolve. [Jiyva's grace]
 48902 | Depths:5 | Found a gate to the Realm of Zot.
 48927 | Depths:5 | Gained mutation: Your gelatinous body deflects attacks. (AC
                  | +3, EV +3) [Jiyva's grace]
 48933 | Depths:5 | Lost mutation: You evolve. [Jiyva's grace]
 48948 | Depths:5 | Gained mutation: You have sharp fingernails. [Jiyva's
                  | grace]
 49211 | Depths:5 | Lost mutation: You have a small jelly attached to you that
                  | senses nearby items. [Jiyva's grace]
 49697 | Vaults:5 | Entered Level 5 of the Vaults
 49749 | Vaults:5 | Gained mutation: A powerful demonic guardian rushes to your
                  | aid. [demonic ancestry]
 49749 | Vaults:5 | Reached XP level 24. HP: 188/202 MP: 35/35
 49782 | Vaults:5 | Gained mutation: You are weak. (Str -2) [Jiyva's grace]
 50383 | Vaults:5 | Gained mutation: You have supernaturally acute eyesight.
                  | (SInv) [Jiyva's grace]
 50391 | Vaults:5 | Gained mutation: Your movements are significantly less
                  | encumbered by armour. (ER -6) [Jiyva's grace]
 50393 | Vaults:5 | Lost mutation: You are weak. (Str -2) [Jiyva's grace]
 50394 | Vaults:5 | Gained mutation: You have acidic saliva. [Jiyva's grace]
 50396 | Vaults:5 | Lost mutation: You are agile. (Dex +2) [Jiyva's grace]
 50397 | Vaults:5 | Gained mutation: Armour fits poorly on your pseudopods.
                  | [Jiyva's grace]
 50398 | Vaults:5 | Gained mutation: You are somewhat resistant to further
                  | mutation. [Jiyva's grace]
 50400 | Vaults:5 | Lost mutation: You have sharp fingernails. [Jiyva's grace]
 50401 | Vaults:5 | Lost mutation: Your movements are significantly less
                  | encumbered by armour. (ER -6) [Jiyva's grace]
 50406 | Vaults:5 | Lost mutation: Your gelatinous body deflects attacks. (AC
                  | +3, EV +3) [Jiyva's grace]
 50421 | Vaults:5 | Lost mutation: Your body has grown many golden eyes which
                  | may confuse attackers. (Acc +5) [Jiyva's grace]
 50448 | Vaults:5 | Gained mutation: Armour fits poorly on your large
                  | pseudopods. [Jiyva's grace]
 50498 | Vaults:5 | Gained mutation: Your translucent skin slightly reduces
                  | your foes' accuracy. (Stealth) [Jiyva's grace]
 50504 | Vaults:5 | Reached skill level 20 in Fighting
 50512 | Vaults:5 | Lost mutation: You are somewhat resistant to further
                  | mutation. [Jiyva's grace]
 50551 | Vaults:5 | Gained mutation: Your mind is acute. (Int +2) [Jiyva's
                  | grace]
 50682 | Vaults:5 | Gained mutation: You expend magic power (3 MP) to
                  | strengthen your wands. [Jiyva's grace]
 50792 | Vaults:5 | Gained mutation: Your gelatinous body deflects attacks. (AC
                  | +3, EV +3) [Jiyva's grace]
 50802 | Vaults:5 | Lost mutation: You expend magic power (3 MP) to strengthen
                  | your wands. [Jiyva's grace]
 50816 | Vaults:5 | Found the +9 heavy crossbow "Sniper" {velocity, Acc+∞ SInv}
 50822 | Vaults:5 | Identified the Collected Works on Captivating Calling
 51010 | Vaults:5 | Gained mutation: Your mind is very acute. (Int +4) [Jiyva's
                  | grace]
 51187 | Vaults:5 | Gained mutation: You are robust. (+10% HP) [Jiyva's grace]
 51251 | Vaults:5 | Got a silver rune of Zot
 51566 | Orc:2    | Bought a scroll of enchant armour for 112 gold pieces
 51567 | Orc:2    | Bought a scroll of enchant armour for 127 gold pieces
 51567 | Orc:2    | Bought a scroll of enchant armour for 127 gold pieces
 51567 | Orc:2    | Bought a scroll of teleportation for 51 gold pieces
 51567 | Orc:2    | Bought a scroll of teleportation for 51 gold pieces
 51567 | Orc:2    | Bought a scroll of brand weapon for 340 gold pieces
 51579 | Orc:2    | Got a pair of faintly glowing boots
 51580 | Orc:2    | Identified the +1 pair of boots "Arhiraab" {SInv} (You
                  | acquired it on level 2 of the Orcish Mines)
 51891 | Zot:1    | Entered Level 1 of the Realm of Zot
 51982 | Zot:1    | Gained mutation: You are somewhat resistant to further
                  | mutation. [Jiyva's grace]
 52094 | Zot:1    | Gained mutation: Your movements are significantly less
                  | encumbered by armour. (ER -6) [demonic ancestry]
 52094 | Zot:1    | Reached XP level 25. HP: 228/232 MP: 36/36
 52192 | Zot:1    | Lost mutation: Your mind is very acute. (Int +4) [Jiyva's
                  | grace]
 52290 | Zot:1    | Lost mutation: Your mind is acute. (Int +2) [Jiyva's grace]
 52303 | Zot:1    | Found an iron altar of Okawaru.
 52318 | Zot:1    | Gained mutation: You are covered in slimy tendrils that may
                  | disarm your opponents. [Jiyva's grace]
 52594 | Zot:1    | Lost mutation: You are somewhat resistant to further
                  | mutation. [Jiyva's grace]
 52594 | Zot:1    | Gained mutation: You evolve. [Jiyva's grace]
 53203 | Zot:2    | Gained mutation: Your system is resistant to poisons.
                  | (rPois) [Jiyva's grace]
 53253 | Zot:2    | Lost mutation: You have supernaturally acute eyesight.
                  | (SInv) [Jiyva's grace]
 53385 | Zot:2    | Noticed an orb of fire
 53402 | Zot:2    | Killed an orb of fire
 53445 | Zot:2    | Lost mutation: You have acidic saliva. [Jiyva's grace]
 53459 | Zot:2    | Lost mutation: You evolve. [Jiyva's grace]
 54002 | Zot:3    | Lost mutation: Your system is resistant to poisons. (rPois)
                  | [Jiyva's grace]
 54029 | Zot:3    | Lost mutation: Your translucent skin slightly reduces your
                  | foes' accuracy. (Stealth) [Jiyva's grace]
 54407 | Zot:4    | Gained mutation: You frequently emit foul miasma when
                  | damaged in melee. [demonic ancestry]
 54407 | Zot:4    | Reached XP level 26. HP: 242/242 MP: 36/36
 54445 | Zot:4    | Reached skill level 21 in Fighting
 54492 | Zot:4    | Gained mutation: Your magical capacity is low. (-10% MP)
                  | [Jiyva's grace]
 54894 | Zot:4    | Found a snail-covered altar of Cheibriados.
 54979 | Zot:5    | Entered Level 5 of the Realm of Zot
 55201 | Zot:5    | Noticed an ancient lich
 55207 | Zot:5    | Killed an ancient lich
 55212 | Zot:5    | Gained mutation: Your spells are a little harder to cast,
                  | but a little more powerful. [Jiyva's grace]
 55359 | Zot:5    | Noticed an ancient lich
 55371 | Zot:5    | Killed an ancient lich
 55391 | Zot:5    | Noticed an ancient lich
 55399 | Zot:5    | Killed an ancient lich
 55474 | Zot:5    | Noticed an orb of fire
 55518 | Zot:5    | Killed an orb of fire
 55904 | Zot:5    | Noticed an orb of fire
 55923 | Zot:5    | Killed an orb of fire
 55923 | Zot:5    | Reached skill level 22 in Fighting
 55947 | Zot:5    | Gained mutation: Your magical and physical power is greatly
                  | enhanced at high health. [demonic ancestry]
 55947 | Zot:5    | Reached XP level 27. HP: 163/254 MP: 33/33
 56191 | Zot:5    | Noticed an ancient lich
 56219 | Zot:5    | Killed an ancient lich
 56233 | Zot:5    | Lost mutation: You are covered in slimy tendrils that may
                  | disarm your opponents. [Jiyva's grace]
 56322 | Zot:5    | Noticed an orb of fire
 56329 | Zot:5    | Gained mutation: Your magical capacity is very low. (-20%
                  | MP) [an orb of fire]
 56334 | Zot:5    | Killed an orb of fire
 56336 | Zot:5    | Noticed an orb of fire
 56348 | Zot:5    | Noticed an orb of fire
 56351 | Zot:5    | Killed an orb of fire
 56368 | Zot:5    | Killed an orb of fire
 56722 | Zot:5    | Got the Orb of Zot
 56889 | Zot:2    | Lost mutation: Your spells are a little harder to cast, but
                  | a little more powerful. [a cacodemon]
 57212 | D:10     | Noticed Panykk the pandemonium lord
 57224 | D:10     | Killed Panykk the pandemonium lord
 57263 | D:8      | Lost mutation: Your magical capacity is very low. (-20% MP)
                  | [Jiyva's grace]
 57508 | D:$      | Escaped with the Orb!

Vault maps used:
D:1:      ldierk_walled_garden_2, minmay_misc_feat_diagonals,
          nrook_loot_triangle
D:2:      lemuel_round_altar, zin_angel, chequers_ecumenical_altar_simple_redux,
          first_ration
D:3:      nicolae_qazlal_general_emergency, overflow_temple_1_default,
          minmay_crystal_water
D:4:      lemuel_crystal_altar, kennysheep_little_box, cheibriados_altar_1,
          serial_shops, nicolae_shop_overgrown_old_shop
D:6:      grunt_dithmenos_smoke, minmay_temple_entry_poolview, serial_shops,
          shop
D:7:      evilmike_ruin_ashenzari, the_bakery, glass_columns_a,
          grunt_ministairs_11, dk_vineyard_3, nicolae_ru_sacrificial_ziggurat
D:8:      lemuel_zombie_altar_yredelemnul, uniq_psyche
D:9:      cheibrodos_fzero, marbit_many_paths, lemuel_coloured_pillars_altar,
          nicolae_overflow_hidden_temple, uniq_harold
D:10:     david_lair_shrubbed, nicolae_straight_to_the_point
D:12:     david_orc_2
D:14:     erik_vaults_2, minmay_misc_feat_hallway, gammafunk_ghost_split,
          grunt_ministairs_4
D:15:     gammafunk_enter_depths_forms, old_standard_altar, basic_altar,
          jmf_multi_god_temple2
Lair:1:   infiniplex_staircase_pool, grunt_megastairs_4
Lair:2:   beast_lair_carwin_large_3, guppyfry_lair_drakes
Lair:3:   grunt_megastairs_1, uniq_urug
Lair:4:   minmay_swamp_entry_wisps, guppyfry_snake_entry_garden, pond,
          uniq_snorg
Lair:5:   dpeg_slime_entry_enclosed_altar, gammafunk_ghost_ooze, basic_altar,
          minivault_26
Lair:6:   guppyfry_lair_end_dragon, hangedman_lair_tendril_chambers,
          st_stairs_10
Swamp:1:  evilmike_swamp_ruin_house_3, swamp_pool3
Swamp:2:  gammafunk_ghost_necromancy, hangedman_swamp_lotus
Swamp:3:  nicolae_swamp_godswood
Swamp:4:  swamp, uniq_louise
Snake:1:  basic_altar, grunt_ministairs_10, lemuel_fruit_tree
Snake:2:  serial_shops, freezing_bzr, serial_bayou_shore_b, uniq_saint_roka
Snake:4:  minmay_snake_end_coiled
Orc:1:    basic_altar, uniq_erolcha, uniq_josephine
Orc:2:    st_orc_pillars, special_room, gammafunk_ghost_arena, basic_altar
Elf:1:    minmay_elf_arrival_plus, basic_altar, hangedman_elf_disciples,
          nrook_uturn
Elf:3:    minmay_elf_hall_curves, serial_shops, nicolae_shop_stone
Vaults:1: ontoclasm_vaults_ring_square, v_misc_23,
          nicolae_vaults_big_angled_halls, vaults_room_fancy_cross,
          ontoclasm_vaults_shuriken, hangedman_vaults_corner,
          dpeg_vaults_monster_box, v_misc_17, hangedman_vaults_corner_blocks,
          nicolae_vaults_display_case, v_misc_29, serial_shops,
          nicolae_shop_crystal
Vaults:2: hangedman_vaults_unwind, v_misc_18, v_pattern_3,
          nicolae_vaults_c_with_doors, nicolae_vaults_three_branches,
          nicolae_vaults_shelves_hall, ontoclasm_vaults_chip,
          ontoclasm_vaults_loading_screen, hangedman_vaults_pinch,
          vaults_room_stairs_pillars, serial_shops, nicolae_shop_trees
Vaults:3: ontoclasm_vaults_idyll, v_rooms_4, v_alt_pattern_5,
          nicolae_vaults_ninety_degrees, v_misc_10,
          minmay_crypt_entry_vampire_xt, nicolae_vaults_rhombus_5,
          nicolae_vaults_rhombus_7, v_misc_2, vaults_dpeg_hooks,
          vaults_dpeg_encased_lava, ontoclasm_vaults_fault, enter_trove_1
Vaults:4: nicolae_vaults_little_squares_1, v_misc_16,
          grunt_vaults_hallway_short, vaults_dpeg_diagonal,
          vaults_mumra_minichess, hangedman_vaults_stagger,
          nicolae_vaults_network_quincunx, v_misc_22,
          nicolae_vaults_mini_display_case, ontoclasm_vaults_pinch,
          vaults_room_semicircle, nicolae_vaults_little_squares_3, serial_shops,
          shop, shop, shop, shop
Depths:1: grunt_pan_entry_in_and_out, hell_entry, minmay_fountain_box,
          minmay_orc_keep, minmay_shop_grove
Depths:2: minmay_chopped_fan, serial_shops, shop, hellmouth_1,
          grunt_decor_arrowhead, grunt_megastairs_3, infiniplex_staircase_spiral
Depths:3: minmay_the_grid_ultimate, hell_entry, abyss_entry, pan_entry
Depths:4: kennysheep_big_flooded_room, enter_ziggurat_a, gammafunk_ghost_split,
          hangedman_abyss_entry_splay, pf_hell_entry_tar_spiral,
          minmay_misc_feat_secret_circle
Depths:5: grunt_crosshair, hell_entry, hangedman_decor_riveting,
          minmay_misc_feat_rugged
Zot:1:    basic_altar
Zot:2:    grunt_zot_stairs_mandelzot, lemuel_baited_zot_trap,
          hangedman_zot_wheel_spokes, lemuel_elevator
Zot:4:    basic_altar
Bazaar:   bazaar_jpeg_oval

Skill      XL: |  1  2  3  4  5  6  7  8  9 10 11 12 13 14 15 16 17 18 19 20 21 22 23 24 25 26 27 |
---------------+----------------------------------------------------------------------------------+-----
Throwing       | 2 |  2.0
Maces & Flails | 3 4 5 6 8 9 11 12 13 14 15 16 17 18 19 20 | 20.2
Dodging        | 3 4 5 6 7 8 9 10 11 12 13 14 15 16 17 18 | 18.3
Armour         | 1 2 3 4 5 6 7 8 9 10 11 12 13 14 15 16 17 18 | 18.2
Fighting       | 3 4 5 6 7 8 9 10 11 12 13 14 15 16 17 18 19 20 22 | 22.8
Long Blades    | 1 2 |  2.4
Shields        | 2 3 4 6 8 9 11 14 15 | 15.0
Evocations     | 2 4 6 8 10 11 12 13 14 15 17 18 19 20 | 20.0

Action                   |  1- 3 |  4- 6 |  7- 9 | 10-12 | 13-15 | 16-18 | 19-21 | 22-24 | 25-27 || total
-------------------------+-------+-------+-------+-------+-------+-------+-------+-------+-------++-------
Melee: Flail             |   174 |   186 |    34 |       |       |       |       |       |       ||   394
       Headbutt          |       |    38 |    42 |   113 |   311 |   371 |   552 |   570 |   299 ||  2296
       Morningstar       |       |       |   178 |   376 |  1079 |  1272 |   279 |       |       ||  3184
       Long sword        |       |       |     5 |       |       |       |       |       |       ||     5
       Demon whip        |       |       |       |       |       |       |  1180 |  1285 |   698 ||  3163
       Pseudopods        |       |       |       |       |       |       |   252 |    67 |   273 ||   592
       Bite              |       |       |       |       |       |       |       |    49 |    50 ||    99
Throw: Throwing net      |     2 |       |       |     2 |       |       |       |       |       ||     4
       Tomahawk          |       |     5 |     5 |    15 |    27 |    16 |     1 |       |       ||    69
       Javelin           |       |       |       |       |     4 |     1 |       |       |       ||     5
Invok: Request Jelly     |       |       |       |       |       |     3 |       |       |       ||     3
       Slimify           |       |       |       |       |       |       |     1 |       |       ||     1
 Abil: Evoke Flight      |       |       |       |       |     5 |    15 |     1 |       |       ||    21
Evoke: Wand              |       |       |     3 |    16 |    48 |    45 |    24 |    12 |    13 ||   161
       Lightning rod     |       |       |       |       |     4 |     8 |     6 |       |     2 ||    20
       Lamp of fire      |       |       |       |       |       |       |     1 |     1 |     1 ||     3
       Fan of gales      |       |       |       |       |       |       |       |       |     1 ||     1
       Phial of floods   |       |       |       |       |       |       |       |       |     1 ||     1
  Use: Scroll            |       |       |    15 |     2 |    10 |    18 |    14 |    15 |     3 ||    77
       Potion            |       |       |     4 |       |     7 |    10 |       |     6 |     3 ||    30
 Stab: Held in net/web   |     1 |       |       |       |       |       |       |       |       ||     1
       Distracted        |       |       |     2 |     5 |    12 |     7 |     6 |    11 |     8 ||    51
       Sleeping          |       |       |     3 |       |       |       |       |       |       ||     3
       Petrified         |       |       |       |     1 |       |       |     2 |       |       ||     3
       Confused          |       |       |       |     1 |       |     1 |       |    16 |     2 ||    20
       Paralysed         |       |       |       |     2 |     7 |     4 |     2 |       |       ||    15
       Invisible         |       |       |       |       |     3 |     4 |       |     1 |       ||     8
       Fleeing           |       |       |       |       |       |     1 |       |       |       ||     1
       Petrifying        |       |       |       |       |       |       |     1 |       |       ||     1
  Eat: Chunk             |     3 |     7 |     5 |    19 |    12 |       |       |       |       ||    46
       Ration            |       |       |     1 |     2 |       |       |       |       |       ||     3
Armor: Leather armour    |    41 |       |       |       |       |       |       |       |       ||    41
       Ring mail         |    45 |    60 |    49 |    18 |    23 |       |       |       |       ||   195
       Plate armour      |       |       |       |   127 |   378 |   243 |       |       |       ||   748
       Chain mail        |       |       |       |       |       |   131 |   191 |       |       ||   322
       Storm dragon scal |       |       |       |       |       |       |    28 |    42 |       ||    70
       Pearl dragon scal |       |       |       |       |       |       |       |   106 |       ||   106
       Gold dragon scale |       |       |       |       |       |       |       |    21 |   125 ||   146
Dodge: Dodged            |   146 |   142 |   137 |   171 |   700 |   691 |   546 |   557 |   263 ||  3353
       Deflected         |       |       |       |       |     5 |    61 |    51 |    35 |    19 ||   171
Block: Buckler           |       |       |    48 |   136 |   420 |   624 |    75 |       |       ||  1303
       Reflection        |       |       |       |     2 |    18 |    71 |    11 |       |       ||   102
       Shield            |       |       |       |       |       |       |   569 |   726 |   328 ||  1623
       Rpst.: Long sword |       |       |     1 |       |       |       |       |       |       ||     1

Table legend:
 A = Non-vault XP
 B = Vault XP
 C = Vault XP percentage of total XP
 D = Non-vault monster count
 E = Vault monster count
 F = Vault count percentage of total count
                 A         B        C        D         E       F
            +---------+---------+-------+---------+---------+-------
      Total |  786422 |  761041 |  49.2 |    1464 |     767 |  34.4
            +---------+---------+-------+---------+---------+-------
        D:1 |      32 |       0 |   0.0 |      18 |       0 |   0.0
        D:2 |      67 |       0 |   0.0 |      22 |       0 |   0.0
        D:3 |      83 |       0 |   0.0 |      26 |       0 |   0.0
        D:4 |     269 |       0 |   0.0 |      16 |       0 |   0.0
        D:5 |     251 |       0 |   0.0 |      15 |       0 |   0.0
        D:6 |     556 |       0 |   0.0 |      11 |       0 |   0.0
        D:7 |    1008 |     211 |  17.3 |      26 |       1 |   3.7
        D:8 |    1459 |     354 |  19.5 |      45 |       3 |   6.2
        D:9 |    1117 |    2838 |  71.8 |      22 |      14 |  38.9
       D:10 |    3364 |       0 |   0.0 |      24 |       0 |   0.0
       D:11 |    2686 |     361 |  11.8 |      27 |       1 |   3.6
       D:12 |    4176 |     147 |   3.4 |      29 |       5 |  14.7
       D:13 |    8422 |       0 |   0.0 |      41 |       0 |   0.0
       D:14 |    7098 |   12094 |  63.0 |      31 |      14 |  31.1
       D:15 |    2232 |    4476 |  66.7 |      17 |      11 |  39.3
     Lair:1 |    4904 |     406 |   7.6 |      23 |       2 |   8.0
     Lair:2 |    8404 |    2691 |  24.3 |      27 |      11 |  28.9
     Lair:3 |    3337 |    1614 |  32.6 |      11 |       3 |  21.4
     Lair:4 |    3332 |    3027 |  47.6 |      15 |      13 |  46.4
     Lair:5 |    9697 |    3737 |  27.8 |      32 |       8 |  20.0
     Lair:6 |    6985 |   12096 |  63.4 |      27 |      49 |  64.5
    Swamp:1 |   11823 |       0 |   0.0 |      29 |       0 |   0.0
    Swamp:2 |   14835 |    4350 |  22.7 |      39 |      11 |  22.0
    Swamp:3 |   15028 |       0 |   0.0 |      29 |       0 |   0.0
    Swamp:4 |   19130 |   19933 |  51.0 |      43 |      27 |  38.6
    Snake:1 |   14590 |    1114 |   7.1 |      32 |       2 |   5.9
    Snake:2 |    4477 |    3942 |  46.8 |      10 |       5 |  33.3
    Snake:3 |   22434 |       0 |   0.0 |      43 |       0 |   0.0
    Snake:4 |   25822 |   20081 |  43.7 |      53 |      39 |  42.4
      Orc:1 |    1734 |    1048 |  37.7 |      23 |       1 |   4.2
      Orc:2 |    8309 |    7730 |  48.2 |      41 |      47 |  53.4
      Elf:1 |   21521 |    6741 |  23.9 |      32 |      12 |  27.3
      Elf:2 |    9488 |   23442 |  71.2 |      16 |      30 |  65.2
      Elf:3 |   17742 |   41998 |  70.3 |      28 |      34 |  54.8
   Vaults:1 |   15819 |    7610 |  32.5 |      24 |      14 |  36.8
   Vaults:2 |   26439 |   29796 |  53.0 |      30 |      60 |  66.7
   Vaults:3 |   23787 |   12617 |  34.7 |      42 |      19 |  31.1
   Vaults:4 |   43092 |   11737 |  21.4 |      70 |      12 |  14.6
   Vaults:5 |   46785 |  103969 |  69.0 |      67 |      83 |  55.3
   Depths:1 |   37859 |    9338 |  19.8 |      48 |      21 |  30.4
   Depths:2 |   18900 |   35252 |  65.1 |      27 |      26 |  49.1
   Depths:3 |       0 |  149754 | 100.0 |       0 |     107 | 100.0
   Depths:4 |   51244 |    4475 |   8.0 |      55 |       3 |   5.2
   Depths:5 |   31499 |   26221 |  45.4 |      39 |      16 |  29.1
      Zot:1 |   60388 |       0 |   0.0 |      37 |       0 |   0.0
      Zot:2 |   42666 |   37193 |  46.6 |      27 |      23 |  46.0
      Zot:3 |   57788 |       0 |   0.0 |      30 |       0 |   0.0
      Zot:4 |   52311 |       0 |   0.0 |      34 |       0 |   0.0
      Zot:5 |   21433 |  158648 |  88.1 |      11 |      40 |  78.4
            +---------+---------+-------+---------+---------+-------
